 Dungeon Crawl Stone Soup version 0.31-a0-853-gc9b61b78f7 (webtiles) character file.

Game seed: 3126824445059963443

163167 BinkBink the Severer (level 17, -12/146 HPs)
             Began as a Minotaur Monk on Oct 8, 2023.
             Was the Champion of Hepliaklqana.
             Killed from afar by a will-o-the-wisp (23 damage)
             ... with a foxfire
             ... on level 3 of the Swamp.
             The game lasted 00:49:10 (26104 turns).

BinkBink the Severer (Minotaur Monk)               Turns: 26104, Time: 00:49:10

Health: -12/146    AC: 31    Str: 29    XL:     17   Next: 23%
Magic:  0/16       EV: 16    Int: 13    God:    Hepliaklqana [******]
Gold:   730        SH:  0    Dex: 15    Spells: 16/16 levels left

rFire   . . .        L - +9 battleaxe (elec)
rCold   + . .        (shield currently unavailable)
rNeg    + + +        n - +7 plate armour of Pan-Flutes {Contam +Inv rN++ Str+3}
rPois   .            y - +1 hat {Int+3}
rElec   +            p - scarf "Nemerph" {repulsion, rC+ rN++ Str+4}
rCorr   .            A - +1 pair of gloves
SInv    .            i - +1 pair of boots "Qaro" {Int+3}
Will    +....        W - amulet "Hoaceir" {Spirit rElec} Stlth
                     K - ring of flight
HPRegen 0.44/turn    c - +4 ring of slaying
MPRegen 0.15/turn

%: repel missiles, guardian spirit
@: about to teleport, flying
A: reduced essence, horns 2, retaliatory headbutt
a: Renounce Religion, Evoke Invisibility, Recall Ancestor, Ancestor Identity,
Transference, Idealise


You were on level 3 of the Swamp.
You worshipped Hepliaklqana.
Hepliaklqana was exalted by your worship.
You visited 4 branches of the dungeon, and saw 25 of its levels.
You visited the Abyss 1 time.
You also visited: Gauntlet and Ice Cave.

You collected 1928 gold pieces.
You spent 1198 gold pieces at shops.

Inventory:

Hand Weapons
 h - a +2 hand axe of distortion
 L - a +9 battleaxe of electrocution (weapon)
Armour
 e - a +0 kite shield
 i - the +1 pair of boots "Qaro" (worn) {Int+3}
   (You bought it in a shop on level 4 of the Dungeon)

   Int+3:     It affects your intelligence (+3).
 n - the +7 plate armour of Pan-Flutes (worn) {Contam +Inv rN++ Str+3}
   (You bought it in a shop on level 2 of the Orcish Mines)

   Str+3:     It affects your strength (+3).
   rN++:      It greatly protects you from negative energy.
   +Inv:      It lets you turn invisible.
   Contam:    It causes magical contamination when unequipped.
 p - the scarf "Nemerph" (worn) {repulsion, rC+ rN++ Str+4}
   (You found it on level 2 of the Dungeon)

   Str+4:     It affects your strength (+4).
   rC+:       It protects you from cold.
   rN++:      It greatly protects you from negative energy.
 y - a +1 hat of intelligence (worn)
 A - a +1 pair of gloves (worn)
Jewellery
 c - a +4 ring of slaying (right hand)
 d - an amulet of faith
 f - a +6 ring of dexterity
 z - a +6 ring of intelligence
 G - a +4 ring of protection
 K - a ring of flight (left hand)
 P - a +5 ring of evasion
 Q - a ring of ice
 W - the amulet "Hoaceir" (around neck) {Spirit rElec}
   (You found it on level 12 of the Dungeon)

   [amulet of guardian spirit]

   Spirit:    It causes incoming damage to be divided between your reserves of
   health and magic.
   rElec:     It insulates you from electricity.
Talismans
 a - a dragon-blood talisman
Wands
 b - a wand of charming (72)
 w - a wand of polymorph (12)
 E - a wand of mindburst (37)
 H - a wand of acid (21)
 J - a wand of flame (94)
 N - a wand of digging (7)
 S - a wand of iceblast (22)
Scrolls
 j - 13 scrolls of teleportation
 k - 6 scrolls of identify
 q - 3 scrolls of fear
 s - a scroll of fog
 v - 5 scrolls of revelation
 x - 2 scrolls of poison
 C - 6 scrolls of enchant armour
 F - 5 scrolls of amnesia
 M - 2 scrolls of immolation
 V - 2 scrolls of enchant weapon
Potions
 g - 2 potions of resistance
 l - 3 potions of mutation
 m - 6 potions of brilliance
 o - a potion of might {unknown}
 r - 2 potions of berserk rage {unknown}
 t - a potion of enlightenment
 u - 2 potions of heal wounds
 B - a potion of invisibility {unknown}
 D - a potion of haste
 I - 7 potions of curing
 O - a potion of ambrosia


   Skills:
 + Level 18.0 Fighting
 - Level 20.2 Axes
 + Level 17.4 Armour
 + Level 16.6 Dodging


You had 16 spell levels left.
You didn't know any spells.
Your spell library contained the following spells:

 Spells                   Type           Power      Damage    Failure   Level
 Foxfire                  Conj/Fire      0%         2x1d4     83%         1
 Freeze                   Ice            0%         1d3       83%         1
 Magic Dart               Conj           0%         1d3       83%         1
 Sandblast                Erth           0%         2d4       83%         1
 Blink                    Tloc           0%         N/A       93%         2
 Call Imp                 Summ           0%         N/A       93%         2
 Lesser Beckoning         Tloc           0%         N/A       93%         2
 Momentum Strike          Conj/Tloc      0%         3d8       93%         2
 Passwall                 Tmut/Erth      0%         N/A       93%         2
 Scorch                   Fire           0%         2d5       93%         2
 Static Discharge         Conj/Air       0%         2-2/arc   93%         2
 Wereblood                Tmut           0%         N/A       93%         2
 Frozen Ramparts          Ice            0%         1d1       99%         3
 Gell's Gravitas          Tloc           0%         N/A       99%         3
 Hailstorm                Conj/Ice       0%         3d3       99%         3
 Mephitic Cloud           Conj/Pois/Air  0%         N/A       99%         3
 Stone Arrow              Conj/Erth      0%         3d7       99%         3
 Teleport Other           Tloc           0%         N/A       99%         3
 Volatile Blastmotes      Fire/Tloc      0%         2d10      99%         3
 Airstrike                Air            0%         2d(0-16)  100%        4
 Brom's Barrelling Bould  Conj/Erth      0%         2d3       100%        4
 Flame Wave               Conj/Fire      0%         2d4       100%        4
 Fulminant Prism          Conj/Hex       0%         3d5       100%        4
 Iskenderun's Mystic Bla  Conj/Tloc      0%         2d3       100%        4
 Olgreb's Toxic Radiance  Pois           0%         N/A       100%        4
 Summon Lightning Spire   Summ/Air       0%         N/A       100%        4
 Irradiate                Conj/Tmut      0%         3d11      100%        5
 Summon Forest            Summ/Tloc      0%         N/A       100%        5
 Dispersal                Tloc           0%         N/A       100%        6
 Eringya's Noxious Bog    Tmut/Pois      0%         4d6       100%        6
 Plasma Beam              Fire/Air       0%         2x1d10    100%        6
 Simulacrum               Ice/Necr       0%         N/A       100%        6
 Starburst                Conj/Fire      0%         6d3       100%        6
 Summon Cactus Giant      Summ           0%         N/A       100%        6
 Ozocubu's Refrigeration  Ice            0%         4d7       100%        7
 Summon Hydra             Summ           0%         N/A       100%        7
 Discord                  Hex            0%         N/A       100%        8
 Ignition                 Fire           0%         3d3       100%        8
 Polar Vortex             Ice            0%         N/A       100%        9


Dungeon Overview and Level Annotations

Branches:
Dungeon (15/15)            Temple (0/1) D:7            Lair (5/5) D:8
  Swamp (3/4) Lair:3       Spider (0/4) Lair:2        Slime (0/5) Lair:4
    Orc (2/2) D:12            Elf (0/3) Orc:2        Vaults (0/5) D:13
  IceCv (visited)         Gauntlet (visited)
 Depths: D:15

Altars:
Elyvilon
Gozag
Hepliaklqana
Kikubaaqudgha
Nemelex Xobeh
Uskayaw
Wu Jian
Zin
The Shining One
Jiyva

Shops:
D:4 [**=:   D:6 (   D:12 (   D:13 (   Orc:1 (   Orc:2 (?[(

Portals:
Abyss: Lair:1

Annotations:
D:2 1 runed translucent door, Crazy Yiuf
D:13 3 runed translucent doors, Amik's ghost, journeyman HuGl
Lair:1 2 transporters, Cosoff's ghost, journeyman MiFi
Swamp:1 3 runed translucent doors, Heedrag's ghost, journeyman DsSh


Innate Abilities, Weirdness & Mutations

Your life essence is reduced to manifest your ancestor. (-10% HP)
You have a pair of horns on your head.
You reflexively headbutt those who attack you in melee.


Message History

You slash the swamp worm!
Unknown command.
You barely miss the swamp worm.
The swamp worm is moderately wounded.
You slice the bunyip!! The bunyip claws you! The bunyip claws you!!
The bunyip barely misses you.
The swamp worm bites you but does no damage.
Unknown command.
You are too injured to fight recklessly!
Unknown command.
As you read the scroll of teleportation, it crumbles to dust.
You feel strangely unstable.
A nearby plant withers and dies.
The swamp worm closely misses you. The swamp worm bites you.
The will-o-the-wisp gestures.
The will-o-the-wisp conjures some marshlight!
The swamp worm bites you but does no damage.
A foxfire comes into view.
You slice the swamp worm!!
You kill the swamp worm!
The will-o-the-wisp gestures.
The will-o-the-wisp conjures some marshlight!
A swamp dragon comes into view.
A foxfire comes into view.
You closely miss the bunyip.
The swamp dragon roars deafeningly!
You headbutt the bunyip, but do no damage.
The bunyip is moderately wounded.
The bunyip no longer looks unusually strong.
The bunyip claws you! The bunyip closely misses you. The bunyip claws you!!
* * * LOW HITPOINT WARNING * * *
You slash the bunyip!
The bunyip is moderately wounded.
The will-o-the-wisp gestures.
You slice the bunyip like a ripe choko!!!
You kill the bunyip!
The foxfire hits you!!
* * * LOW HITPOINT WARNING * * *
The foxfire hits you!!
You die...

.~~~..~~~~~~...~♣♣♣
#♣#~..~~~~~~~~~~♣♣
#......~~~~~~~~♣
#~.~♣~~~~~~..~♣♣
#~~♣♣...~~~.♣♣♣ ♣ #~♣
♣♣♣.~~~.♣ #. ♣~♣♣♣
♣♣.~~♣♣ ♣.
♣♣~♣§♣♣♣♣♣.).♣♣♣♣
..♣♣♣D♣♣@~~.~♣♣.~~~.♣~~♣♣
..~ivf§v†~.~§♣♣~~~~~...~♣
..♣♣♣§♣♣/...~~♣.~~~~..~♣♣
♣. ♣#.~~.♣♣~.~~~.~♣♣♣ #.
♣....♣.♣.~~~.~.~~ ♣
♣~D...~~♣~.....~~
♣~......~~§....~~
#~♣♣..♣~♣..~...~~
♣~♣..~....~...~~~


You could see a shambling mangrove, a swamp dragon, a spriggan druid and a
will-o-the-wisp.

Vanquished Creatures
  Rupert (D:12)
  A thorn hunter (Swamp:2)
  Gastronok (D:11)
  2 tentacled starspawn (Abyss:3)
  Donald (Orc:2)
  A fenstrider witch (Swamp:2)
  An orc warlord (Orc:1)
  An ironbound preserver (D:13)
  4 eleionomae
  A minotaur (Gauntlet)
  4 bunyips
  Josephine (D:10)
  An entropy weaver (D:13)
  Harold (Lair:2)
  A spriggan air mage (Swamp:3)
  2 alligators
  4 catoblepae
  6 hydras
  A merfolk avatar (Swamp:2)
  2 centaur warriors (D:13)
  8 death yaks (Lair:5)
  A tengu warrior (D:13)
  5 boulder beetles
  6 two-headed ogres
  A deep troll shaman (Lair:5)
  A death scarab (Gauntlet)
  7 thrashing horrors (Abyss:3)
  7 orc high priests
  Sonja (D:12)
  A soul eater (Gauntlet)
  A skeletal warrior (D:13)
  2 wretched stars (Abyss:3)
  3 goliath frogs
  3 spriggan druids (Swamp:3)
  A spectral death yak (Gauntlet)
  2 swamp dragons (Swamp:3)
  4 orc knights (Orc:2)
  2 bog bodies
  2 deep elf pyromancers
  2 lindwurms
  A cyclops (D:13)
  2 orc sorcerers
  A worldbinder (Abyss:3)
  3 ugly things
  7 manticores
  An oklob plant (Gauntlet)
  7 elephants (Lair:5)
  A will-o-the-wisp (Swamp:1)
  2 large abominations (Abyss:3)
  5 black mambas
  18 cane toads
  A gargoyle (D:13)
  Jeremiah (D:6)
  2 ice statues (IceCv)
  An unseen horror (D:13)
  2 efreet
  8 komodo dragons
  A rime drake (Lair:5)
  An ice devil (Abyss:3)
  2 meliai (D:13)
  2 polar bears
  9 tyrant leeches
  10 trolls
  7 hornets
  38 blink frogs
  3 raiju (Abyss:3)
  2 jumping spiders (Lair:2)
  7 slime creatures
  38 yaks
  A shadow (Abyss:3)
  2 vampires (D:9)
  9 wraiths
  3 wyverns
  6 spriggans (Swamp:3)
  2 small abominations (Abyss:3)
  4 starcursed masses (Abyss:3)
  2 water elementals (D:13)
  A ynoxinul (Abyss:3)
  5 basilisks
  Grum (D:8)
  A neqoxec (Abyss:3)
  6 vampire mosquitoes
  Edmund (D:6)
  A redback (Lair:2)
  A steam dragon (D:7)
  2 acid dragons
  16 swamp worms
  2 wargs
  4 hell hounds (Abyss:3)
  7 water moccasins
  2 black bears
  44 orc warriors
  26 wolves
  6 ogres
  7 centaurs
  2 phantoms
  4 kobold brigands
  3 gnoll sergeants
  7 bullfrogs
  4 scorpions
  7 wights
  19 killer bees
  8 howler monkeys
  2 electric eels (Lair:3)
  A quasit (Abyss:3)
  2 hounds
  8 jellies
  15 orc priests
  3 iguanas
  10 hell rats
  14 orc wizards
  2 sleepcaps (D:6)
  A polar bear simulacrum (IceCv)
  A wolf simulacrum (IceCv)
  6 gnolls
  7 adders
  4 shadow imps
  3 white imps
  3 ufetubi
  4 worms
  4 dart slugs
  75 orcs
  11 ball pythons
  4 bats
  5 endoplasms
  3 giant cockroaches
  10 goblins
  7 hobgoblins
  3 jackals (D:5)
  24 kobolds
  3 quokkas
  3 frilled lizards
  A goblin skeleton (D:3)
  A goblin zombie (D:3)
  4 hobgoblin zombies (D:3)
  A kobold skeleton (D:3)
  A kobold zombie (D:3)
  2 orc skeletons (D:3)
  2 orc zombies (D:3)
  5 rats
751 creatures vanquished.

Vanquished Creatures (collateral kills)
  2 hydras
  A catoblepas (Lair:5)
  A ghost crab (Swamp:2)
  2 ugly things
  2 cyclopes (D:9)
  A black mamba (Lair:5)
  Joseph (D:8)
  3 komodo dragons
  An unseen horror (D:13)
  A tyrant leech (Swamp:1)
  A blink frog (Lair:5)
  3 slime creatures (D:12)
  A spriggan (Swamp:3)
  A wraith (D:9)
  2 yaks (Lair:2)
  A starcursed mass (Abyss:3)
  3 wyverns
  A vampire mosquito (D:10)
  An acid dragon (D:9)
  2 sky beasts
  3 orc warriors
  A black bear (Lair:5)
  An ogre (D:12)
  2 wolves
  A kobold brigand (D:9)
  2 bullfrogs
  A gnoll sergeant (D:12)
  2 wights
  2 killer bees
  3 hounds
  A wyvern simulacrum (D:9)
  An orc priest (Orc:1)
  A jelly (Lair:4)
  A hell rat (Lair:4)
  A gnoll (D:5)
  10 orcs
  A ball python (D:4)
  A jackal (D:5)
  7 kobolds
73 creatures vanquished.

Vanquished Creatures (others)
  A bloated husk (Swamp:3)
  A polar bear (Lair:4)
  A small abomination (Abyss:3)
  16 hexers
  A foxfire (Swamp:3)
  A lurking horror (Abyss:3)
  6 starspawn tentacles (Abyss:3)
27 creatures vanquished.

Grand Total: 851 creatures vanquished

Notes
Turn   | Place    | Note
-------+----------+-------------------------------------------
     0 | D:1      | BinkBink the Minotaur Monk began the quest for the Orb.
     0 | D:1      | Reached XP level 1. HP: 19/19 MP: 0/0
    79 | D:1      | Reached XP level 2. HP: 27/27 MP: 1/1
    85 | D:1      | Found a faded altar of an unknown god.
   140 | D:1      | Reached skill level 4 in Axes
   639 | D:1      | Reached XP level 3. HP: 30/33 MP: 2/2
   992 | D:2      | Identified the scarf "Nemerph" {repulsion, rC+ rN++ Str+4}
  1120 | D:2      | Found a runed translucent door.
  1121 | D:2      | Noticed Crazy Yiuf
  1374 | D:2      | Identified the +3 dagger of Execution {flame, Will- rCorr
                  | Str+5 Stlth+}
  1491 | D:2      | Reached XP level 4. HP: 41/41 MP: 3/3
  1591 | D:3      | Noticed a scorpion
  1600 | D:3      | Reached skill level 5 in Axes
  1608 | D:3      | Killed a scorpion
  1609 | D:3      | Reached XP level 5. HP: 39/47 MP: 4/4
  1719 | D:3      | Found an ancient bone altar of Kikubaaqudgha.
  1965 | D:3      | Found a glowing golden altar of the Shining One.
  2488 | D:4      | Found Naiwos's Assorted Antiques.
  2517 | D:4      | Found Waotausm's Armour Emporium.
  2599 | D:4      | Found a hazy altar of Hepliaklqana.
  2612 | D:4      | Reached skill level 5 in Fighting
  2613 | D:4      | Became a worshipper of Hepliaklqana the Forgotten
  2613 | D:4      | Reached * piety under Hepliaklqana
  2613 | D:4      | Reached ** piety under Hepliaklqana
  2637 | D:4      | Found Sec Zoo's Jewellery Boutique.
  2733 | D:4      | Found Bauwemni's Book Emporium.
  2748 | D:4      | Reached skill level 6 in Axes
  2797 | D:4      | Reached skill level 1 in Armour
  2797 | D:4      | Reached XP level 6. HP: 40/50 MP: 5/5
  2865 | D:4      | Found Xair's General Store.
  3101 | D:4      | Identified the +1 ring mail "Xeegg" {Int-2 Dex+4}
  3372 | D:5      | Entered Level 5 of the Dungeon
  3393 | D:5      | Reached skill level 5 in Dodging
  3428 | D:5      | Reached skill level 7 in Axes
  3428 | D:5      | Reached XP level 7. HP: 31/54 MP: 6/6
  4158 | D:5      | Reached skill level 8 in Axes
  4158 | D:5      | Reached XP level 8. HP: 59/63 MP: 7/7
  4213 | D:5      | Found a glowing silver altar of Zin.
  4668 | D:6      | Reached *** piety under Hepliaklqana
  4727 | D:6      | Reached skill level 9 in Axes
  4849 | D:6      | Found an ornate altar of the Wu Jian Council.
  4896 | D:6      | Found Peityh's Antique Weapon Shoppe.
  4941 | D:6      | Found a white marble altar of Elyvilon.
  4966 | D:6      | Noticed Edmund
  4978 | D:6      | Killed Edmund
  5028 | D:6      | Reached skill level 5 in Armour
  5028 | D:6      | Remembered your ancestor Mbali as a hexer
  5166 | D:6      | Noticed Jeremiah
  5206 | D:6      | Killed Jeremiah
  5207 | D:6      | Reached XP level 9. HP: 35/71 MP: 8/8
  6083 | D:7      | Reached skill level 10 in Axes
  6315 | D:7      | Found a staircase to the Ecumenical Temple.
  6517 | D:7      | Reached **** piety under Hepliaklqana
  6828 | D:8      | Noticed Joseph
  7035 | D:9      | Reached skill level 11 in Axes
  7132 | D:9      | Found a sparkling altar of Nemelex Xobeh.
  7396 | D:9      | Noticed a cyclops
  7403 | D:9      | Reached XP level 10. HP: 69/81 MP: 9/9
  7415 | D:9      | Noticed a two-headed ogre
  7433 | D:9      | Killed a two-headed ogre
  7434 | D:9      | Reached skill level 12 in Axes
  7439 | D:9      | Killed a cyclops
  7536 | D:9      | Noticed a white ugly thing
  7544 | D:9      | Killed a white ugly thing
  7830 | D:9      | Noticed a cyclops
  7849 | D:9      | Reached skill level 13 in Axes
  7895 | D:9      | Killed a cyclops
  8224 | D:8      | Killed Joseph
  8345 | D:8      | Noticed Grum
  8351 | D:8      | Killed Grum
  8352 | D:8      | Reached skill level 10 in Fighting
  8352 | D:8      | Reached XP level 11. HP: 64/89 MP: 10/10
  8505 | D:8      | Reached ***** piety under Hepliaklqana
  8566 | D:8      | Found a staircase to the Lair.
  8990 | D:10     | Entered Level 10 of the Dungeon
  9248 | D:10     | Found an opulent altar of Gozag.
  9862 | D:11     | Noticed a boulder beetle
  9862 | D:11     | Noticed a two-headed ogre
  9862 | D:11     | Noticed a two-headed ogre
  9862 | D:11     | Noticed a two-headed ogre
  9949 | D:11     | Noticed Josephine
 10171 | D:10     | Killed Josephine
 10172 | D:10     | Reached skill level 14 in Axes
 10298 | D:11     | Noticed Gastronok
 10519 | D:11     | Killed Gastronok
 10520 | D:11     | Reached skill level 10 in Dodging
 10588 | D:11     | Found an ancient bone altar of Kikubaaqudgha.
 10592 | D:11     | Killed a two-headed ogre
 10610 | D:11     | Killed a two-headed ogre
 10614 | D:11     | Killed a two-headed ogre
 10658 | D:11     | Reached skill level 15 in Axes
 10658 | D:11     | Reached skill level 10 in Armour
 10695 | D:11     | Killed a boulder beetle
 10713 | D:11     | Noticed a red ugly thing
 10727 | D:11     | Killed a red ugly thing
 10728 | D:11     | Reached XP level 12. HP: 28/99 MP: 11/11
 11309 | Lair:1   | Entered Level 1 of the Lair of Beasts
 11842 | Lair:1   | Found a one-way gate to the infinite horrors of the Abyss.
 11842 | Lair:1   | Noticed Cosoff's ghost (journeyman MiFi)
 11862 | Lair:1   | Found a transporter.
 12098 | Lair:1   | Found a transporter.
 12263 | Lair:2   | Found a hole to the Spider Nest.
 12308 | Lair:2   | Noticed Harold
 12313 | Lair:2   | Killed Harold
 12314 | Lair:2   | Reached skill level 16 in Axes
 12669 | Lair:2   | Found a hide-covered altar of Uskayaw.
 12670 | Lair:2   | Noticed a boulder beetle
 12671 | Lair:2   | Found an ornate altar of the Wu Jian Council.
 12677 | Lair:2   | Found a frozen archway.
 12684 | Lair:2   | Killed a boulder beetle
 12695 | IceCv    | Entered an ice cave
 12699 | IceCv    | Found a transporter.
 12795 | IceCv    | Found a transporter.
 13362 | Lair:2   | Noticed a seven-headed hydra
 13695 | D:12     | Noticed a two-headed ogre
 13698 | D:12     | Noticed Rupert
 13701 | D:12     | Killed a two-headed ogre
 13707 | D:12     | Killed Rupert
 13708 | D:12     | Reached skill level 17 in Axes
 13708 | D:12     | Reached XP level 13. HP: 69/107 MP: 12/12
 13992 | D:12     | You are sucked into a shaft and drop 3 floors!
 13992 | D:15     | Entered Level 15 of the Dungeon
 14168 | D:13     | Reached ****** piety under Hepliaklqana
 15075 | D:13     | Reached skill level 18 in Axes
 15385 | D:13     | Noticed Amik's ghost (journeyman HuGl)
 15464 | D:13     | Found a runed translucent gate.
 15465 | D:13     | Found a runed translucent gate.
 15470 | D:13     | Found a runed translucent gate.
 15612 | D:13     | Noticed an ironbound preserver
 15615 | D:13     | Found a gate to the Vaults.
 15622 | D:13     | Killed an ironbound preserver
 15893 | D:13     | Found Sira's Antique Weapon Boutique.
 16178 | D:12     | Found a staircase to the Orcish Mines.
 16506 | D:12     | Found Eczybb's Weapon Boutique.
 16672 | D:12     | Reached XP level 14. HP: 94/117 MP: 13/13
 16734 | D:12     | Identified the amulet "Hoaceir" {Spirit rElec}
 17161 | Orc:1    | Entered Level 1 of the Orcish Mines
 17161 | Orc:1    | Noticed an orc warlord
 17163 | Orc:1    | Noticed Sonja
 17474 | D:12     | Killed Sonja
 17852 | Orc:1    | Killed an orc warlord
 17921 | Orc:1    | Found Peos's Antique Weapon Shop.
 18051 | Orc:2    | Entered Level 2 of the Orcish Mines
 18265 | Orc:2    | Reached skill level 19 in Axes
 18426 | Orc:2    | Found a staircase to the Elven Halls.
 18620 | Orc:2    | Noticed Donald
 18632 | Orc:2    | Killed Donald
 19425 | Orc:2    | Found Jiocas's Antique Armour Shoppe.
 19425 | Orc:2    | Found Vabutz's Antique Weapon Shoppe.
 19426 | Orc:2    | Found Yvotzut's Antique Weapon Shoppe.
 19426 | Orc:2    | Found Rasosm's Magic Scroll Emporium.
 19455 | Orc:2    | Bought an embroidered hat for 196 gold pieces
 19455 | Orc:2    | Bought a translucent plate armour for 784 gold pieces
 19455 | Orc:2    | Identified the +7 plate armour of Pan-Flutes {Contam +Inv
                  | rN++ Str+3} (You bought it in a shop on level 2 of the
                  | Orcish Mines)
 19769 | D:4      | Bought a pair of scorched boots for 218 gold pieces
 19769 | D:4      | Identified the +1 pair of boots "Qaro" {Int+3} (You bought
                  | it in a shop on level 4 of the Dungeon)
 20025 | Lair:3   | Found a gate leading to a gauntlet.
 20057 | Gauntlet | Entered a Gauntlet
 20057 | Gauntlet | Found a transporter.
 20057 | Gauntlet | Found a transporter.
 20057 | Gauntlet | Found a transporter.
 20057 | Gauntlet | Found a transporter.
 20066 | Gauntlet | Found a transporter.
 20078 | Gauntlet | Found a transporter.
 20092 | Gauntlet | Found a transporter.
 20102 | Gauntlet | Found a transporter.
 20117 | Gauntlet | Found a transporter.
 20123 | Gauntlet | Found a transporter.
 20133 | Gauntlet | Noticed a quicksilver ooze
 20137 | Gauntlet | Found a transporter.
 20143 | Gauntlet | Found a transporter.
 20543 | Gauntlet | Reached skill level 20 in Axes
 20543 | Gauntlet | Reached XP level 15. HP: 36/125 MP: 6/14
 20549 | Abyss:3  | Cast into level 3 of the Abyss (minotaur)
 20689 | Abyss:3  | Reached skill level 15 in Fighting
 20738 | Abyss:3  | Noticed a tentacled starspawn
 20743 | Abyss:3  | Killed a tentacled starspawn
 21035 | Abyss:3  | Noticed a tentacled starspawn
 21044 | Abyss:3  | Killed a tentacled starspawn
 21045 | Abyss:3  | Reached XP level 16. HP: 134/134 MP: 11/15
 21049 | Gauntlet | Escaped the Abyss
 21187 | Gauntlet | Identified the staff of Watchfulness {rPois rF- rN++ Dex+3
                  | Poison}
 21673 | Lair:3   | Found a staircase to the Swamp.
 21680 | Lair:3   | Reached skill level 15 in Armour
 22020 | Lair:4   | Found a staircase to the Slime Pits.
 22039 | Lair:4   | Found a viscous altar of Jiyva.
 22544 | Lair:4   | Identified the +5 chain mail "Ynecuhiy" {-Tele Str+6
                  | Stlth+}
 22779 | Lair:5   | Entered Level 5 of the Lair of Beasts
 22796 | Lair:5   | Reached skill level 15 in Dodging
 24072 | Swamp:1  | Entered Level 1 of the Swamp
 24072 | Swamp:1  | Found a runed translucent gate.
 24077 | Swamp:1  | Found a runed translucent gate.
 24078 | Swamp:1  | Found a runed translucent gate.
 24078 | Swamp:1  | Noticed Heedrag's ghost (journeyman DsSh)
 24769 | Swamp:2  | Identified the +1 double sword "Icweg" {elec, *Rage rF+
                  | Str+2 Stlth+}
 24821 | Swamp:2  | Noticed a thorn hunter
 24829 | Swamp:2  | Killed a thorn hunter
 25111 | Swamp:2  | Reached XP level 17. HP: 137/145 MP: 16/16
 26104 | Swamp:3  | Killed from afar by a will-o-the-wisp

Illustrated notes

Levels and vault maps discovered:
D:1:      minmay_arrival_stone_box, layout_basic, basic_ecumenical_altar
D:2:      layout_basic, minmay_distorted, uniq_crazy_yiuf_cottage
D:3:      wad_pebble_path, layout_basic, lemuel_tele_altar,
          nicolae_tso_besieged_by_evil
D:4:      layout_gridville, nicolae_hepliaklqana_hazy_memory, serial_shops,
          shop, shop, nicolae_lakefront_shop, nicolae_shop_statue_plus, shop
D:5:      layout_rooms, zin_treasury, st_stairs_10, grunt_decor_mini_mirrors
D:6:      layout_basic, mainiacjoe_overflow_small_starburst,
          overflow_temple_1_default, serial_shops,
          nicolae_shop_advertising_works [nicolae_subvault_shop_adworks],
          kennysheep_nondescript, uniq_jeremiah, uniq_edmund
D:7:      layout_gridville, temple_doors_cd
D:8:      layout_cave_pools, lair_entry_dummy, kennysheep_pointless_box,
          uniq_joseph, uniq_grum
D:9:      layout_cave_pools, mainiacjoe_overflow_alcove_2, st_stairs_2,
          minmay_pinched_square
D:10:     layout_basic, kennysheep_mini
D:11:     layout_roguey, nicolae_kikubaaqudgha_miasma_corner, uniq_josephine,
          uniq_gastronok
D:12:     layout_loops_ring, kennysheep_orc_monster_closet_entryway,
          serial_shops, kennysheep_little_box, uniq_rupert
D:13:     minmay_box_of_statues, layout_small_grid,
          hellmonk_vaults_order_and_chaos, gammafunk_ghost_split, serial_shops,
          kennysheep_mini_moat, kennysheep_cluttered_room,
          onia_ninara_dug_in_and_dangerous
D:14:     layout_long_grid, serial_shops, nicolae_shop_crystal, shop,
          nicolae_stop_n_shop_2, nicolae_lakefront_shop,
          nicolae_shop_overgrown_old_shop, eino_small_chamber_without_monster
D:15:     gammafunk_depths_entry_grave, layout_basic,
          nicolae_concentric_dashed_squares_wild, uniq_roxanne
Lair:1:   layout_misc_corridors, gammafunk_ghost_abyssal_escape
Lair:2:   layout_loops_ring, spider_nest_entry_a,
          portal_ice_cave_entry_pillars_1, nzn_masters_of_martial_movement,
          uniq_harold, uniq_erica
Lair:3:   layout_gridlike, minmay_swamp_entry_worms, gauntlet_entry_generic,
          beast_lair_carwin_7, grunt_megastairs_5, infiniplex_staircase_pool
Lair:4:   layout_concentric_octagons, nicolae_slime_entry_field_trip
Lair:5:   grunt_lair_end_beastmaster, layout_regular_city
Swamp:1:  layout_falls_marsh, gammafunk_ghost_hydra_chop, wheals_swamp_sinkhole
Swamp:2:  layout_basic_swamp, hangedman_swamp_pad, swamp_pool2,
          grunt_lady_of_the_lake
Swamp:3:  nzn_winding_woodlands_small [nzn_winding_woodlands_5x15_split_checker,
          nzn_winding_woodlands_center_garden,
          nzn_winding_woodlands_5x15_longhouse], layout_basic_swamp,
          nicolae_swamp_dense_foliage
Orc:1:    layout_caves, serial_shops, nicolae_shop_trees, uniq_sonja
Orc:2:    st_orc_pillars, layout_caves, uniq_donald

Skill      XL: |  1  2  3  4  5  6  7  8  9 10 11 12 13 14 15 16 17 |
---------------+----------------------------------------------------+-----
Axes           | 4 5 6 7 8 9 11 13 15 17 18 20 | 20.2
Fighting       | 4 5 6 7 8 10 11 12 13 14 15 17 18 | 18.0
Dodging        | 4 5 6 8 9 10 11 12 13 14 16 | 16.6
Armour         | 1 2 3 5 7 8 10 11 12 14 16 17 | 17.4

Action                     |  1- 3 |  4- 6 |  7- 9 | 10-12 | 13-15 | 16-18 || total
---------------------------+-------+-------+-------+-------+-------+-------++-------
  Melee: Hand axe          |    69 |   117 |   304 |    63 |       |       ||   553
         Headbutt          |    26 |    25 |    80 |    71 |   107 |    84 ||   393
         Battleaxe         |       |       |       |   252 |   477 |   406 ||  1135
         Punch             |       |       |       |     1 |       |       ||     1
 Invoke: Ancestor Life: He |       |       |     1 |       |       |       ||     1
         Recall Ancestor   |       |       |       |       |     2 |       ||     2
    Use: Potion            |       |     2 |     1 |     2 |     3 |       ||     8
         Scroll            |       |       |       |    20 |     6 |     1 ||    27
   Stab: Distracted        |       |       |     4 |     5 |     7 |    13 ||    29
         Confused          |       |       |     3 |     6 |    10 |     7 ||    26
         Paralysed         |       |       |       |       |     1 |    29 ||    30
         Petrified         |       |       |       |       |       |     6 ||     6
 Armour: Robe              |    32 |    60 |    25 |       |       |       ||   117
         Scale mail        |       |       |   140 |   216 |   310 |       ||   666
         Chain mail        |       |       |       |    17 |       |       ||    17
         Plate armour      |       |       |       |       |    94 |   305 ||   399
  Dodge: Dodged            |    38 |    92 |   194 |   191 |   380 |   209 ||  1104
         Repelled          |       |     1 |     1 |     2 |     5 |    12 ||    21

Table legend: (Time is in decaauts)
 A = Elapsed time spent in this place.
 B = Non-inter-level travel time spent in this place.
 C = Inter-level travel time spent in this place.
 D = Time resting spent in this place.
 E = Time spent auto-exploring this place.
 F = Levels seen in this place.
 G = Mean time per level.
                   A        B        C        D        E       F      G
               +--------+--------+--------+--------+--------+-----+--------+
         Total |  25807 |  24211 |   1596 |   1674 |  18644 |  28 |  921.7 |
       Dungeon |  15798 |  14658 |   1140 |    841 |  11727 |  15 | 1053.2 |
          Lair |   4696 |   4426 |    270 |    216 |   3441 |   5 |  939.2 |
         Swamp |   1980 |   1939 |     41 |      0 |   1661 |   3 |  660.0 |
  Orcish Mines |   1714 |   1570 |    144 |    159 |   1056 |   2 |  857.0 |
         Abyss |    475 |    475 |      0 |    311 |      0 |   1 |  475.0 |
      Ice Cave |    457 |    457 |      0 |    147 |    243 |   1 |  457.0 |
      Gauntlet |    684 |    684 |      0 |      0 |    516 |   1 |  684.0 |
               +--------+--------+--------+--------+--------+-----+--------+

Top non-repeatable levels by time:
    D:12: 1968 daAuts
    D:13: 1962 daAuts
    D:10: 1589 daAuts
     D:6: 1469 daAuts
     D:9: 1415 daAuts
   Orc:2: 1346 daAuts
  Lair:5: 1209 daAuts
     D:4: 1189 daAuts
  Lair:1: 1124 daAuts
    D:11: 1006 daAuts
     D:5: 954 daAuts
     D:8: 914 daAuts
     D:3: 867 daAuts
  Lair:3: 856 daAuts
     D:7: 844 daAuts
